 Dungeon Crawl Stone Soup version 0.30.1-9-gdf580d7c3d (webtiles) character file.

Game seed: 1758987874669854086

161 jagang the Trooper (level 5, 0/42 HPs)
             Began as a Human Fighter on Sept 26, 2023.
             Slain by Pikel
             ... wielding a +0 whip of freezing
              (8 damage)
             ... on level 4 of the Dungeon.
             The game lasted 00:08:59 (3000 turns).

jagang the Trooper (Human Fighter)                  Turns: 3000, Time: 00:09:00

Health: 0/42       AC: 12    Str: 19    XL:     5   Next: 70%
Magic:  5/5        EV:  9    Int:  8    God:
Gold:   240        SH:  4    Dex: 12    Spells: 4/4 levels left

rFire   + . .        a - +0 long sword
rCold   + + +        c - +0 buckler
rNeg    . . .        k - +0 ice dragon scales
rPois   .            s - +0 helmet
rElec   .            h - scarf {rC+ rF+}
rCorr   .            f - +0 pair of gloves
SInv    .            (no boots)
Will    .....        (no amulet) Stlth
                     u - ring of protection from fire
HPRegen 0.27/turn    (no ring)
MPRegen 0.09/turn

%: no passive effects
@: no status effects
A: no striking features
a: no special abilities


You were on level 4 of the Dungeon.
You visited 1 branch of the dungeon, and saw 4 of its levels.

You collected 240 gold pieces.

Inventory:

Hand Weapons
 a - a +0 long sword (weapon)
 g - a +2 dagger of flaming
Armour
 c - a +0 buckler (worn)
 f - a +0 pair of gloves (worn)
 h - a scarf of resistance (worn)
 k - +0 ice dragon scales (worn)
 s - a +0 helmet (worn)
Magical Staves
 d - a staff of air
Jewellery
 u - a ring of protection from fire (left hand)
Scrolls
 e - 2 scrolls of amnesia {unknown}
 i - a scroll of enchant weapon {unknown}
 j - a scroll of poison {unknown}
 l - 2 scrolls of identify {unknown}
 m - a scroll of magic mapping {unknown}
 o - a scroll of teleportation {unknown}
 q - a scroll of acquirement {unknown}
 r - 3 scrolls of vulnerability {unknown}
 y - a scroll of fog {unknown}
Potions
 b - a potion of might
 n - 2 potions of heal wounds {unknown}
 p - 2 potions of flight {unknown}
 t - a potion of resistance {unknown}
 v - a potion of lignification {unknown}
 x - a potion of curing
 z - 2 potions of magic {unknown}


   Skills:
 * Level 4.0 Fighting
 * Level 3.3 Long Blades
 + Level 3.5 Armour
 + Level 1.5 Dodging
 + Level 3.6 Shields


You had 4 spell levels left.
You didn't know any spells.
Your spell library contained the following spells:

 Spells                   Type           Power      Damage    Failure   Level
 Tukima's Dance           Hex            0%         N/A       99%         3
 Passage of Golubria      Tloc           0%         N/A       100%        4
 Yara's Violent Unravell  Hex/Tmut       0%         3d3       100%        5


Dungeon Overview and Level Annotations

Branches:
Dungeon (4/15)
 Temple: D:4-7

Altars:

Shops:
D:2 =

Annotations:
D:4 Pikel


Message History

Pikel is severely wounded.
You block Pikel's attack.
You hit Pikel but do no damage.
Pikel is severely wounded.
You block Pikel's attack.
You miss Pikel.
Pikel is severely wounded.
Pikel says, "Hell isn't that bad."
Pikel hits you with a +0 whip of freezing.
You hit Pikel.
Pikel is severely wounded.
Pikel says, "You'll rot in Tartarus!"
Pikel closely misses you.
Pikel cracks his whip.
Pikel hits you but does no damage.
You closely miss Pikel.
Pikel is severely wounded.
Pikel hits you with a +0 whip of freezing!
You hit Pikel.
Pikel is almost dead.
Pikel hits you with a +0 whip of freezing!
You hit Pikel but do no damage.
Pikel is almost dead.
Pikel hits you with a +0 whip of freezing. x2
* * * LOW HITPOINT WARNING * * *
You hit Pikel but do no damage.
Pikel is almost dead.
Pikel hits you with a +0 whip of freezing.
* * * LOW HITPOINT WARNING * * *
You hit Pikel.
Pikel is almost dead.
Pikel hits you but does no damage.
You closely miss Pikel.
Pikel is almost dead.
Pikel hits you with a +0 whip of freezing.
* * * LOW HITPOINT WARNING * * *
You closely miss Pikel.
Pikel is almost dead.
Pikel hits you with a +0 whip of freezing!
You die...

##...#.#######
##......#
#.......###
.>..........#
#.##.......#.# #
##.....##.#
##...###.# ##### #.#
#### #@# # ..# #K#
.### #.# #5##.....
#######.######55..$#
#...........).5##..#
#.###.#.##.........#
#.# #.#.##.##..##.##
#.# #.#.##.##..##$##
#.#
#.#............5.


You could see Pikel and 4 lemures.

Vanquished Creatures
  An iguana (D:4)
  Robin (D:2)
  6 adders
  2 worms (D:2)
  5 bats
  7 endoplasms
  4 giant cockroaches
  16 goblins
  6 hobgoblins
  3 jackals (D:2)
  2 kobolds
  2 quokkas
  2 ball pythons
  2 frilled lizards (D:2)
  3 rats
62 creatures vanquished.

Notes
Turn   | Place    | Note
-------+----------+-------------------------------------------
     0 | D:1      | jagang the Human Fighter began the quest for the Orb.
     0 | D:1      | Reached XP level 1. HP: 18/18 MP: 1/1
   166 | D:1      | Reached XP level 2. HP: 22/24 MP: 2/2
   648 | D:1      | Reached XP level 3. HP: 29/29 MP: 3/3
  1150 | D:2      | Found Oploic's Jewellery Shop.
  1194 | D:2      | Noticed Robin
  1206 | D:2      | Reached XP level 4. HP: 32/34 MP: 4/4
  1212 | D:2      | Reached skill level 1 in Dodging
  1241 | D:2      | Killed Robin
  1788 | D:2      | Reached XP level 5. HP: 39/42 MP: 5/5
  2023 | D:3      | Found a faded altar of an unknown god.
  2780 | D:4      | Reached skill level 4 in Fighting
  2967 | D:4      | Noticed a lemure
  2967 | D:4      | Noticed a lemure
  2967 | D:4      | Noticed a lemure
  2975 | D:4      | Noticed Pikel
  2984 | D:4      | Noticed a lemure
  3000 | D:4      | Slain by Pikel

Illustrated notes

Levels and vault maps discovered:
D:1:      dpeg_arrival_castle, layout_basic
D:2:      kennysheep_six_static_rooms, layout_loops_corners, serial_shops,
          nicolae_shop_hallway_plus, uniq_robin
D:3:      layout_loops_cross, shapermc_ecumenical_altar_gd, st_stairs_6
D:4:      layout_loops_ring, minmay_joined_circles, uniq_pikel

Skill      XL: |  1  2  3  4  5 |
---------------+----------------+-----
Dodging        | 1 |  1.5
Long Blades    | 3 |  3.3
Fighting       | 4 |  4.0
Armour         | |  3.5
Shields        | |  3.6

Action                     |  1- 3 |  4- 6 || total
---------------------------+-------+-------++-------
  Melee: Long sword        |    80 |   167 ||   247
  Throw: Throwing net      |       |     1 ||     1
    Use: Potion            |     1 |     2 ||     3
 Armour: Scale mail        |    36 |    28 ||    64
         Ice dragon scales |       |    47 ||    47
  Dodge: Dodged            |    42 |    80 ||   122
  Block: Buckler           |    26 |    41 ||    67
